 Dungeon Crawl Stone Soup version 0.21.0-24-g2553a33 (webtiles) character file.

718 tidbits the Charmwright (level 7, -4/56 HPs)
             Began as a Gnoll Skald on Jan 20, 2018.
             Killed from afar by Ijyb (18 damage)
             ... with a wand of acid (6)
             ... on level 5 of the Dungeon.
             The game lasted 00:13:12 (1193 turns).

tidbits the Charmwright (Gnoll Skald)               Turns: 1193, Time: 00:13:12

Health: -4/56      AC:  5    Str: 14    XL:     7   Next: 70%
Magic:  9/15       EV: 14    Int: 17    God:
Gold:   239        SH:  0    Dex: 14    Spells: 3/17 levels left

rFire    . . .     SeeInvis .   e - +2 dagger (speed)
rCold    . . .     Gourm    .   (no shield)
rNeg     . . .     Faith    .   B - +1 leather armour
rPois    .         Spirit   .   (no helmet)
rElec    .         Reflect  .   (no cloak)
rCorr    .         Harm     .   (no gloves)
MR       .....                  F - +0 pair of boots
Stlth    +.........             (no amulet)
HPRegen  0.18/turn              h - ring of wizardry
MPRegen  0.14/turn              n - ring of loudness (curse)

@: no status effects
A: distributed training, fangs 1, strong nose
a: no special abilities


You were on level 5 of the Dungeon.
You were full.

You visited 1 branch of the dungeon, and saw 5 of its levels.

You collected 239 gold pieces.

Inventory:

Hand Weapons
 a - a +1 hand axe
 b - a +0 dagger
 e - a +2 dagger of speed (weapon)
   (You found it on level 2 of the Dungeon)
 f - a +4 rapier of freezing
   (You took it off Eustachio on level 5 of the Dungeon)
 i - a +0 quarterstaff
Armour
 B - a +1 leather armour (worn)
 F - a +0 pair of boots (worn)
Jewellery
 h - a ring of wizardry (left hand)
   (You found it on level 2 of the Dungeon)
 n - a cursed ring of loudness (right hand)
   (You found it on level 5 of the Dungeon)
Scrolls
 g - 2 scrolls of remove curse
Potions
 m - a potion of magic
Books
 c - a book of Battle

   Spells                             Type                      Level
   a - Infusion                       Charms                       1
   b - Shroud of Golubria             Charms/Translocation         2
   c - Song of Slaying                Charms                       2
   d - Spectral Weapon                Hexes/Charms                 3
   e - Regeneration                   Charms/Necromancy            3
 j - a book of Conjurations
   (You found it on level 5 of the Dungeon)

   Spells                             Type                      Level
   a - Magic Dart                     Conjuration                  1
   b - Searing Ray                    Conjuration                  2
   c - Dazzling Spray                 Conjuration/Hexes            3
   d - Fulminant Prism                Conjuration/Hexes            4
   e - Force Lance                    Conjuration/Translocation    4
   f - Iskenderun's Mystic Blast      Conjuration                  4
 o - a book of Maledictions
   (You found it on level 5 of the Dungeon)

   Spells                             Type                      Level
   a - Corona                         Hexes                        1
   b - Ensorcelled Hibernation        Hexes/Ice                    2
   c - Confuse                        Hexes                        3
   d - Tukima's Dance                 Hexes                        3
   e - Dazzling Spray                 Conjuration/Hexes            3
Comestibles
 d - 5 rations


   Skills:
 + Level 5.3 Fighting
 + Level 2.6 Short Blades
 + Level 2.6 Long Blades
 + Level 5.3 Axes
 + Level 2.6 Maces & Flails
 + Level 2.6 Polearms
 + Level 2.6 Staves
 + Level 2.6 Slings
 + Level 2.6 Bows
 + Level 2.6 Crossbows
 + Level 2.6 Throwing
 + Level 3.7 Armour
 + Level 5.3 Dodging
 + Level 2.6 Stealth
 + Level 2.6 Shields
 + Level 2.6 Unarmed Combat
 + Level 5.6 Spellcasting
 + Level 2.1 Conjurations
 + Level 2.1 Hexes
 + Level 5.9 Charms
 + Level 2.1 Summonings
 + Level 2.1 Necromancy
 + Level 2.1 Translocations
 + Level 2.1 Transmutations
 + Level 2.1 Fire Magic
 + Level 2.1 Ice Magic
 + Level 2.1 Air Magic
 + Level 2.1 Earth Magic
 + Level 2.1 Poison Magic
 + Level 2.9 Invocations
 + Level 2.6 Evocations


You had 3 spell levels left.
You knew the following spells:

 Your Spells              Type           Power        Failure   Level  Hunger
d - Dazzling Spray        Conj/Hex       ##....       9%          3    ##.....
g - Shroud of Golubria    Chrm/Tloc      ###.......   1%          2    #......
i - Infusion              Chrm           ###.         1%          1    None
r - Regeneration          Chrm/Necr      ###.......   4%          3    ##.....
w - Spectral Weapon       Hex/Chrm       ###.....     4%          3    ##.....
y - Song of Slaying       Chrm           ###.....     1%          2    #......


Dungeon Overview and Level Annotations

Branches:
Dungeon (5/15)
 Temple: D:4-7

Altars:
Elyvilon
Kikubaaqudgha
Okawaru
Uskayaw
Wu Jian
Xom
The Shining One

Annotations:
D:5 Blork the orc, Ijyb


Innate Abilities, Weirdness & Mutations

Your experience applies equally to all skills.
You have very sharp teeth.
Your uncanny sense of smell can sniff out nearby items.


Message History

You kill the orc!
You hit the orc. You bite the orc, but do no damage.
The orc is moderately wounded.
Your spectral weapon hits the orc.
The orc hits you but does no damage.
You hit the orc.
The orc is almost dead.
Your spectral weapon closely misses the orc.
You hit the orc.
You kill the orc!
Items here: )) [[ † a club; a leather armour; a dagger; a scale mail; an orc corpse
Things that are here:
a chain mail; an orc corpse
Found a paperback book.
You see here an emerald ring.
n - an emerald ring Put on which piece of jewellery? (? for menu, Esc to quit)
Oops, that ring feels deathly cold.
n - a cursed ring of loudness (right hand) Blork the orc shouts!
You hear a shout! x2
Found a stone staircase leading down.
You see here a book of Maledictions.
Unknown command.
o - a book of Maledictions
As you read the scroll of teleportation, it crumbles to dust.
You feel strangely unstable.
Your spectral weapon fades away.
Your surroundings suddenly seem different.
Found a hide-covered altar of Uskayaw.
Found 8 gold pieces.
The orc shouts!
You hear a shout!
You see here 8 gold pieces.
You now have 239 gold pieces (gained 8).
Casting: Spectral Weapon
Confirm with . or Enter, or press ? or * to list all spells.
You draw out your weapon's spirit!
You hit the orc but do no damage. You hit the orc but do no damage.
Your spectral weapon hits the orc but does no damage.
The orc closely misses you.
You hit the orc.
The orc is lightly wounded.
Your spectral weapon hits the orc.
You hit the orc.
The orc is severely wounded.
Your spectral weapon closely misses the orc.
The orc hits you with a flail.
You hit the orc.
You kill the orc!
Unknown command.
The orc wizard shouts!
The orc hits you from afar with a trident!
Things that are here:
a flail; a leather armour Unknown command.
The orc wizard casts a spell.
The orc wizard blinks!
You hear a shout!
Unknown command.
You closely miss the orc. The orc barely misses you.
Your spectral weapon hits the orc but does no damage.
The orc closely misses you.
You hit the orc but do no damage.
Your spectral weapon barely misses the orc.
The orc barely misses you.
You hit the orc but do no damage.
Your spectral weapon hits the orc but does no damage.
The orc misses you.
You hit the orc but do no damage.
Your spectral weapon barely misses the orc.
The orc closely misses you.
Unknown command.
You completely miss the orc.
Your spectral weapon hits the orc but does no damage.
Ijyb zaps a wand.
The bolt of acid hits the orc.
The orc is splashed with acid.
The acid corrodes the orc!
The orc dies!
The bolt of acid hits you! The acid corrodes you!
You are splashed with acid!
The acid burns!
* * * LOW HITPOINT WARNING * * *
It was a potion of cancellation.
Your magical effects are unravelling.
You feel magically purged.
You are no longer corroded.
The orc hits you with a trident.
* * * LOW HITPOINT WARNING * * *
Unknown command.
Okay, then.
Casting: Spectral Weapon
Confirm with . or Enter, or press ? or * to list all spells.
Aiming: Dazzling Spray
Press: ? - help, Shift-Dir - straight line, f/p - Ijyb
Aim: Ijyb, wielding a war axe, wearing a leather armour and carrying a wand of acid (6)
The spray of energy hits Ijyb.
Ijyb is moderately wounded.
Ijyb is dazzled.
The spray of energy hits the orc.
The orc is lightly wounded.
The orc is dazzled.
The orc closely misses you.
Ijyb zaps a wand.
The bolt of acid hits you!
You die...

.....o...#.... ......o..#....
#........g.[... ############
#.........#.##.. #..........#
.......|.......# #....####..# g#
#....##o...
#....#..#..#####.#####........o.
#.._.#.(#..#...).........#######
#....#.(#......@o.....#.. #
#....####..#..).(....##..
#..........############..
#..........# ### #..........#
#..........# ############


You could see Ijyb (blind), an orc (blind) and a friendly spectral dagger of
speed.

Vanquished Creatures
  Eustachio (D:5)
  An ice beast (D:5)
  2 ogres
  A hound (D:3)
  A centaur zombie (D:5)
  An orc priest (D:4)
  2 orc wizards
  2 worker ants (D:4)
  4 adders
  A shadow imp (D:5)
  An ooze (D:3)
  7 worms
  A dart slug (D:2)
  A leopard gecko (D:2)
  8 orcs
  5 bats
  2 giant cockroaches
  6 goblins
  3 hobgoblins
  4 jackals (D:2)
  4 kobolds
  3 quokkas
  4 frilled lizards
  A quokka skeleton (D:4)
  6 rats
72 creatures vanquished.

Vanquished Creatures (others)
  An orc (D:5)
  5 toadstools (D:1)
6 creatures vanquished.

Grand Total: 78 creatures vanquished

Notes
Turn   | Place    | Note
-------+----------+-------------------------------------------
     0 | D:1      | tidbits the Gnoll Skald began the quest for the Orb.
     0 | D:1      | Reached XP level 1. HP: 20/20 MP: 6/6
    45 | D:2      | Reached XP level 2. HP: 21/26 MP: 1/7
    49 | D:2      | Learned a level 2 spell: Song of Slaying
    52 | D:2      | Learned a level 2 spell: Shroud of Golubria
   252 | D:2      | Reached XP level 3. HP: 10/31 MP: 0/9
   257 | D:2      | Learned a level 3 spell: Regeneration
   261 | D:2      | Learned a level 3 spell: Spectral Weapon
   275 | D:2      | Reached skill level 5 in Spellcasting
   342 | D:2      | Reached skill level 1 in Invocations
   383 | D:2      | Reached skill level 1 in Short Blades
   383 | D:2      | Reached skill level 1 in Long Blades
   383 | D:2      | Reached skill level 1 in Maces & Flails
   383 | D:2      | Reached skill level 1 in Polearms
   383 | D:2      | Reached skill level 1 in Staves
   383 | D:2      | Reached skill level 1 in Slings
   383 | D:2      | Reached skill level 1 in Bows
   383 | D:2      | Reached skill level 1 in Crossbows
   383 | D:2      | Reached skill level 1 in Throwing
   383 | D:2      | Reached skill level 1 in Stealth
   383 | D:2      | Reached skill level 1 in Shields
   383 | D:2      | Reached skill level 1 in Unarmed Combat
   383 | D:2      | Reached skill level 1 in Evocations
   407 | D:2      | Reached XP level 4. HP: 32/38 MP: 3/11
   417 | D:3      | Found a shimmering altar of Xom.
   464 | D:4      | Found an iron altar of Okawaru.
   504 | D:3      | Reached skill level 1 in Conjurations
   504 | D:3      | Reached skill level 1 in Hexes
   504 | D:3      | Reached skill level 1 in Summonings
   504 | D:3      | Reached skill level 1 in Necromancy
   504 | D:3      | Reached skill level 1 in Translocations
   504 | D:3      | Reached skill level 1 in Transmutations
   504 | D:3      | Reached skill level 1 in Fire Magic
   504 | D:3      | Reached skill level 1 in Ice Magic
   504 | D:3      | Reached skill level 1 in Air Magic
   504 | D:3      | Reached skill level 1 in Earth Magic
   504 | D:3      | Reached skill level 1 in Poison Magic
   547 | D:4      | Noticed an ogre
   552 | D:4      | Killed an ogre
   552 | D:4      | Reached skill level 3 in Armour
   552 | D:4      | Reached XP level 5. HP: 28/43 MP: 0/12
   599 | D:3      | Reached XP level 6. HP: 22/50 MP: 1/13
   605 | D:3      | Reached skill level 2 in Invocations
   626 | D:3      | Found an ornate altar of the Wu Jian Council.
   701 | D:3      | Found a shimmering altar of Xom.
   714 | D:3      | Found an ancient bone altar of Kikubaaqudgha.
   715 | D:3      | Found a glowing golden altar of the Shining One.
   799 | D:4      | Reached skill level 5 in Fighting
   799 | D:4      | Reached skill level 5 in Axes
   799 | D:4      | Reached skill level 5 in Dodging
   801 | D:4      | Reached skill level 2 in Short Blades
   801 | D:4      | Reached skill level 2 in Long Blades
   801 | D:4      | Reached skill level 2 in Maces & Flails
   801 | D:4      | Reached skill level 2 in Polearms
   801 | D:4      | Reached skill level 2 in Staves
   801 | D:4      | Reached skill level 2 in Slings
   801 | D:4      | Reached skill level 2 in Bows
   801 | D:4      | Reached skill level 2 in Crossbows
   801 | D:4      | Reached skill level 2 in Throwing
   801 | D:4      | Reached skill level 2 in Stealth
   801 | D:4      | Reached skill level 2 in Shields
   801 | D:4      | Reached skill level 2 in Unarmed Combat
   801 | D:4      | Reached skill level 2 in Evocations
   849 | D:5      | Entered Level 5 of the Dungeon
   849 | D:5      | Noticed Blork the orc
   850 | D:5      | Noticed an ice beast
   916 | D:5      | Found a white marble altar of Elyvilon.
   961 | D:5      | Learned a level 3 spell: Dazzling Spray
   981 | D:5      | Reached XP level 7. HP: 29/56 MP: 7/15
   985 | D:5      | Noticed Eustachio
  1010 | D:5      | Killed Eustachio
  1059 | D:5      | Noticed Ijyb
  1125 | D:5      | Reached skill level 2 in Conjurations
  1125 | D:5      | Reached skill level 2 in Hexes
  1125 | D:5      | Reached skill level 2 in Summonings
  1125 | D:5      | Reached skill level 2 in Necromancy
  1125 | D:5      | Reached skill level 2 in Translocations
  1125 | D:5      | Reached skill level 2 in Transmutations
  1125 | D:5      | Reached skill level 2 in Fire Magic
  1125 | D:5      | Reached skill level 2 in Ice Magic
  1125 | D:5      | Reached skill level 2 in Air Magic
  1125 | D:5      | Reached skill level 2 in Earth Magic
  1125 | D:5      | Reached skill level 2 in Poison Magic
  1165 | D:5      | Found a hide-covered altar of Uskayaw.
  1166 | D:5      | Noticed a dagger
  1166 | D:5      | Noticed a hand axe
  1193 | D:5      | Killed from afar by Ijyb

Skill      XL: |  1  2  3  4  5  6  7 |
---------------+----------------------+-----
Spellcasting   | 5 |  5.6
Invocations    | 1 2 |  2.9
Short Blades   | 1 2 |  2.6
Long Blades    | 1 2 |  2.6
Maces & Flails | 1 2 |  2.6
Polearms       | 1 2 |  2.6
Staves         | 1 2 |  2.6
Slings         | 1 2 |  2.6
Bows           | 1 2 |  2.6
Crossbows      | 1 2 |  2.6
Throwing       | 1 2 |  2.6
Stealth        | 1 2 |  2.6
Shields        | 1 2 |  2.6
Unarmed Combat | 1 2 |  2.6
Evocations     | 1 2 |  2.6
Conjurations   | 1 2 |  2.1
Hexes          | 1 2 |  2.1
Summonings     | 1 2 |  2.1
Necromancy     | 1 2 |  2.1
Translocations | 1 2 |  2.1
Transmutations | 1 2 |  2.1
Fire Magic     | 1 2 |  2.1
Ice Magic      | 1 2 |  2.1
Air Magic      | 1 2 |  2.1
Earth Magic    | 1 2 |  2.1
Poison Magic   | 1 2 |  2.1
Armour         | 3 |  3.7
Fighting       | 5 |  5.3
Axes           | 5 |  5.3
Dodging        | 5 |  5.3
Charms         | |  5.9

Action                   |  1- 3 |  4- 6 |  7- 9 || total
-------------------------+-------+-------+-------++-------
Melee: Hand axe          |    44 |    52 |       ||    96
       Bite              |     5 |    10 |    10 ||    25
       Dagger            |    35 |    40 |    64 ||   139
       Punch             |       |     2 |       ||     2
 Cast: Infusion          |     4 |     3 |       ||     7
       Spectral Weapon   |     1 |    14 |     3 ||    18
       Regeneration      |     1 |     4 |     3 ||     8
       Dazzling Spray    |       |     1 |     2 ||     3
  Use: Scroll            |     4 |     5 |     2 ||    11
       Potion            |     1 |     3 |     3 ||     7
 Stab: Distracted        |     1 |     1 |     1 ||     3
       Sleeping          |       |     2 |       ||     2
       Invisible         |       |     1 |       ||     1
  Eat: Ration            |       |     3 |       ||     3
Armor: Leather armour    |    14 |    14 |    10 ||    38
Dodge: Dodged            |    50 |    52 |    39 ||   141

Table legend:
 A = Turns spent in this place as a percentage of turns spent in the entire game.
 B = Non-inter-level travel turns spent in this place as a percentage of non-inter-level travel turns spent in the entire game.
 C = Inter-level travel turns spent in this place as a percentage of turns spent in this place.
 D = Turns resting spent in this place as a percentage of non-inter-level travel turns spent in this place.
 E = Turns spent auto-exploring this place as a percentage of non-inter-level travel turns spent in this place.
 F = Non-inter-level travel turns spent in this place divided by the number of levels of this place that you've seen.
                   A       B       C       D       E      F
               +-------+-------+-------+-------+-------+----------------------
         Total | 100.0 | 100.0 |   2.8 |   0.0 |   0.0 | 231.8
       Dungeon | 100.0 | 100.0 |   2.8 |   0.0 |   0.0 | 231.8
               +-------+-------+-------+-------+-------+----------------------

Table legend:
 A = Kills in this place as a percentage of kills in entire the game.
 B = Kills by you in this place as a percentage of kills by you in the entire game.
 C = Kills by friends in this place as a percentage of kills by friends in the entire game.
 D = Other kills in this place as a percentage of other kills in the entire game.
 E = Experience gained in this place as a percentage of experience gained in the entire game.
 F = Experience gained in this place divided by the number of levels of this place that you have seen.
                   A       B       C       D       E      F
               +-------+-------+-------+-------+-------+----------------------
         Total | 100.0 | 100.0 |   N/A |   N/A | 100.0 | 205.2
       Dungeon | 100.0 | 100.0 |   N/A |   N/A | 100.0 | 205.2
               +-------+-------+-------+-------+-------+----------------------

Vault maps used:
D:1:      ldierk_walled_garden
D:3:      old_standard_altar, minitemple, first_ration,
          kennysheep_cross_bottleneck, brannock_xom_greatest_gift
D:4:      okawaru_metal_pillars_3
D:5:      dancing_weapons_uskayaw, elyvilon_altar_5, uniq_eustachio, uniq_ijyb,
          uniq_blork_the_orc
